 Dungeon Crawl Stone Soup version 0.19.1 (webtiles) character file.

101 kengeki the Firebug (level 4, -8/27 HPs)
             Began as a High Elf Fire Elementalist on Nov 29, 2016.
             Killed from afar by SeriousVitamin's ghost (10 damage)
             ... with a puff of flame
             ... on level 3 of the Dungeon.
             The game lasted 00:17:12 (2731 turns).

kengeki the Firebug (High Elf Fire Elementalist)    Turns: 2731, Time: 00:17:12

Health: -8/27      AC:  3    Str:  7    XL:     4   Next: 48%
Magic:  1/10       EV: 13    Int: 20    God:
Gold:   97         SH:  0    Dex: 15    Spells: 3 memorised, 3 levels left

rFire  . . .     SeeInvis .     j - -3 short sword (curse)
rCold  . . .     Gourm    .     a - +0 robe
rNeg   . . .     Faith    .     (no shield)
rPois  .         Spirit   .     (no helmet)
rElec  .         Reflect  .     (no cloak)
rCorr  .         Harm     .     (no gloves)
MR     .....                    l - +0 pair of boots
Stlth  ++........               (no amulet)
                                (no ring)
                                (no ring)

@: no status effects
A: no striking features
a: no special abilities


You were on level 3 of the Dungeon.
You were not hungry.

You visited 1 branch of the dungeon, and saw 4 of its levels.

You collected 97 gold pieces.

Inventory:

Hand Weapons
 f - a +0 dagger
 g - a +0 short sword
 j - a cursed -3 short sword (weapon)
Armour
 a - a +0 robe (worn)
 l - a +0 pair of boots (worn)
Scrolls
 e - 3 scrolls of immolation
 k - a scroll of identify
Potions
 i - 2 potions of curing
Books
 b - a book of Flames

   Spells                             Type                      Level
   a - Flame Tongue                   Conjuration/Fire             1
   b - Throw Flame                    Conjuration/Fire             2
   c - Conjure Flame                  Conjuration/Fire             3
   d - Inner Flame                    Hexes/Fire                   3
   e - Sticky Flame                   Conjuration/Fire             4
   f - Fireball                       Conjuration/Fire             5
Comestibles
 c - 4 bread rations
 h - a meat ration
 m - a beef jerky


   Skills:
 - Level 2.1 Dodging
 - Level 2.2 Stealth
 + Level 3.6 Spellcasting
 + Level 2.8 Conjurations
 + Level 3.8 Fire Magic


You had 3 spell levels left.
You knew the following spells:

 Your Spells              Type           Power        Failure   Level  Hunger
o - Flame Tongue          Conj/Fire      ###..        3%          1    None
s - Sticky Flame          Conj/Fire      ###.....     38%         4    ####...
t - Throw Flame           Conj/Fire      ###...       6%          2    ##.....


Dungeon Overview and Level Annotations

Branches:
Dungeon (4/15)
 Temple: D:4-7

Altars:
Okawaru

Annotations:
D:3 SeriousVitamin's ghost, amateur DEFE
D:4 exclusion: ogre


Message History

The sticky flame hits SeriousVitamin's ghost.
SeriousVitamin's ghost is moderately damaged.
SeriousVitamin's ghost hits you.
* * * LOW HITPOINT WARNING * * *
A giant cockroach comes into view.
Unknown command.
You hit SeriousVitamin's ghost.
SeriousVitamin's ghost is moderately damaged.
SeriousVitamin's ghost hits you but does no damage.
Unknown command.
You hit SeriousVitamin's ghost.
SeriousVitamin's ghost is moderately damaged.
SeriousVitamin's ghost closely misses you.
You hit SeriousVitamin's ghost but do no damage.
SeriousVitamin's ghost is moderately damaged.
SeriousVitamin's ghost barely misses you.
SeriousVitamin's ghost closely misses you.
SeriousVitamin's ghost gestures at you while chanting.
The puff of flame hits you!
You die...

#.#.#.##.# ....(..#.#
#.#.#..#.#### ##
##..........#
...##.#..#.#.##.#
#..........#.##.#
#..........#.##.#########
#....@..............÷.
##.#.#s...##.#########
..####W#....##.#
.............##)# #
..####.......÷..# #
#...#...#### # #..#.#...#
# #.#._.#.... #
#...#.#..#### #


You could see SeriousVitamin's ghost and a giant cockroach.

Vanquished Creatures
  4 adders
  An ooze (D:1)
  3 leopard geckos
  An orc (D:3)
  3 bats
  4 giant cockroaches
  4 goblins
  2 hobgoblins
  6 jackals
  9 kobolds
  2 quokkas
  4 frilled lizards
  12 rats
55 creatures vanquished.

Notes
Turn   | Place    | Note
-------+----------+-------------------------------------------
     0 | D:1      | kengeki the High Elf Fire Elementalist began the quest for the Orb.
     0 | D:1      | Reached XP level 1. HP: 11/11 MP: 4/4
   164 | D:1      | Reached XP level 2. HP: 16/17 MP: 1/6
   724 | D:1      | Reached XP level 3. HP: 11/21 MP: 4/8
  1230 | D:2      | Learned a level 2 spell: Throw Flame
  1429 | D:2      | Reached XP level 4. HP: 12/27 MP: 1/10
  2022 | D:3      | Noticed SeriousVitamin's ghost (amateur DEFE)
  2362 | D:3      | Found an iron altar of Okawaru.
  2660 | D:4      | Noticed an ogre
  2671 | D:4      | Noticed a phantom
  2683 | D:4      | Learned a level 4 spell: Sticky Flame
  2723 | D:3      | HP: 1/27 [SeriousVitamin's ghost (2)]
  2731 | D:3      | Killed from afar by SeriousVitamin's ghost

Skill      XL: |  1  2  3 |
---------------+----------+-----
Spellcasting   | 3 |  3.6
Conjurations   | 2 |  2.8
Dodging        | |  2.1
Stealth        | |  2.2
Fire Magic     | |  3.8

Action                   |  1- 3 |  4- 6 || total
-------------------------+-------+-------++-------
Melee: Unarmed           |     2 |       ||     2
       Hand axe          |    17 |       ||    17
       Short sword       |       |    14 ||    14
 Cast: Flame Tongue      |    59 |    29 ||    88
       Throw Flame       |     2 |    11 ||    13
       Sticky Flame      |       |     2 ||     2
  Use: Scroll            |     4 |     3 ||     7
       Potion            |     1 |     1 ||     2
 Stab: Sleeping          |       |     2 ||     2
  Eat: Chunk             |     2 |     4 ||     6
Armor: Robe              |     4 |     4 ||     8
Dodge: Dodged            |    33 |    16 ||    49
